 Dungeon Crawl Stone Soup version 0.21-a0-404-g291f19a (webtiles) character file.

231 drevant the Skirmisher (level 5, -7/42 HPs)
             Began as a Demonspawn Abyssal Knight on Oct 31, 2017.
             Was a Believer of Lugonu.
             Mangled by an ogre
             ... wielding a +0 giant club
              (16 damage)
             ... on level 4 of the Dungeon.
             The game lasted 00:06:46 (3841 turns).

drevant the Skirmisher (Demonspawn Abyssal Knight)  Turns: 3841, Time: 00:06:47

Health: -7/42      AC:  5    Str: 14    XL:     5   Next: 72%
Magic:  6/6        EV: 10    Int: 13    God:    Lugonu [**....]
Gold:   177        SH:  0    Dex: 12    Spells: 4/4 levels left

rFire    . . .     SeeInvis .   n - +0 war axe
rCold    . . .     Gourm    .   (no shield)
rNeg     + . .     Faith    .   r - +0 ring mail
rPois    .         Spirit   .   (no helmet)
rElec    .         Reflect  .   (no cloak)
rCorr    .         Harm     .   (no gloves)
MR       .....                  (no boots)
Stlth    ..........             (no amulet)
HPRegen  0.14/turn              q - ring of positive energy
MPRegen  0.10/turn              (no ring)

@: no status effects
A: hooves 1
a: Depart the Abyss, Bend Space, Renounce Religion


You were on level 4 of the Dungeon.
You worshipped Lugonu.
Lugonu was pleased with you.
You were not hungry.

You visited 1 branch of the dungeon, and saw 4 of its levels.
You visited the Abyss 1 time.

You collected 177 gold pieces.

Inventory:

Hand Weapons
 n - a +0 war axe (weapon)
Missiles
 j - 109 stones (quivered)
Armour
 b - a +0 leather armour
 r - a +0 ring mail (worn)
 t - a +0 buckler
Jewellery
 q - a ring of positive energy (left hand)
Scrolls
 a - 2 scrolls of teleportation {unknown}
 e - a scroll of fog
 i - a scroll of fear {unknown}
 k - 2 scrolls of identify
 o - 3 scrolls of enchant armour {unknown}
 s - a scroll of amnesia {unknown}
 u - a scroll of blinking {unknown}
Potions
 l - a potion of ambrosia
 m - a potion of curing
 p - a potion of haste
 v - a potion of resistance
 w - a potion of mutation
Comestibles
 c - 3 bread rations
 d - 4 chunks of flesh
 f - a royal jelly
 h - 6 fruits


   Skills:
 + Level 4.1 Fighting
 * Level 4.0 Axes
 + Level 3.1 Armour
 - Level 1.0 Dodging
 - Level 2.5 Invocations


You had 4 spell levels left.
You didn't know any spells.

Dungeon Overview and Level Annotations

Branches:
Dungeon (4/15)
 Temple: D:4-7

Altars:
Gozag


Innate Abilities, Weirdness & Mutations

You have large cloven feet.


Message History

The adder skeleton closely misses you.
You hit the ogre.
The ogre is lightly wounded.
You closely miss the adder skeleton. The ogre hits you with a giant club.
The adder skeleton bites you but does no damage.
You slash the ogre!
The ogre is heavily wounded.
You slash the adder skeleton!
You destroy the adder skeleton!
Lugonu accepts your kill. The ogre completely misses you.
You slash the ogre! You kick the ogre.
The ogre is almost dead.
The ogre hits you with a giant club!!
Ouch! That really hurt!
* * * LOW HITPOINT WARNING * * *
You hit the ogre.
The ogre is almost dead.
The ogre hits you with a giant club!
You die...

#... #... #########
#... #.......# #...
#.......#
#...#####.......#
#...#......#.####
####.....######.##
#......@## #..##
..###.#O## ##..### ##
....#..### ##...##..
#........### ###..#.#
#%.###.#...######....#
#.....).....$.....#...
.........>.........##
............#######...
### ....#..####.# ####


You could see an ogre.

Vanquished Creatures
  A hound (D:2)
  7 gnolls (D:3)
  6 adders
  An ooze (D:3)
  An adder skeleton (D:4)
  3 worms (D:2)
  2 dart slugs (D:2)
  5 orcs (D:3)
  8 bats
  A giant cockroach (D:2)
  3 goblins
  4 hobgoblins (D:1)
  4 jackals (D:4)
  4 kobolds
  A quokka (D:2)
  A frilled lizard (D:4)
  7 rats
59 creatures vanquished.

Notes
Turn   | Place    | Note
-------+----------+-------------------------------------------
     0 | Abyss:1  | drevant the Demonspawn Abyssal Knight began the quest for the Orb.
     0 | Abyss:1  | Reached XP level 1. HP: 18/18 MP: 2/2
    26 | Abyss:1  | Noticed a small abomination
    30 | D:1      | Escaped the Abyss
   235 | D:1      | Reached * piety under Lugonu
   235 | D:1      | Reached skill level 1 in Dodging
   423 | D:1      | Gained mutation: You have large cloven feet. [demonic ancestry]
   423 | D:1      | Reached XP level 2. HP: 22/24 MP: 3/3
   926 | D:2      | Reached XP level 3. HP: 6/29 MP: 4/4
  2071 | D:2      | Reached XP level 4. HP: 9/35 MP: 5/5
  2693 | D:3      | Reached ** piety under Lugonu
  2822 | D:3      | Reached XP level 5. HP: 32/42 MP: 6/6
  2917 | D:3      | Found an opulent altar of Gozag.
  3701 | D:4      | Noticed an ogre
  3803 | D:4      | Noticed an ogre
  3841 | D:4      | Mangled by an ogre

Vault maps used:
D:1:      zaba_arrival_water
D:3:      lemuel_crystal_altar, gup_sewer_entry_glass

Skill      XL: |  1  2  3  4  5 |
---------------+----------------+-----
Dodging        | 1 |  1.0
Axes           | 2 3 4 |  4.0
Armour         | 2 3 |  3.1
Fighting       | 4 |  4.1
Invocations    | |  2.5

Action                   |  1- 3 |  4- 6 || total
-------------------------+-------+-------++-------
Melee: Hand axe          |    63 |       ||    63
       Kick              |    19 |    12 ||    31
       War axe           |    15 |   103 ||   118
Throw: Stone             |     4 |     5 ||     9
       Tomahawk          |       |     2 ||     2
Invok: Depart the Abyss  |     1 |       ||     1
  Use: Potion            |     2 |       ||     2
       Scroll            |       |     6 ||     6
  Eat: Chunk             |     4 |     5 ||     9
Armor: Leather armour    |    17 |    11 ||    28
       Ring mail         |       |    37 ||    37
Dodge: Dodged            |    43 |    79 ||   122

Table legend:
 A = Spawn XP
 B = Non-spawn XP
 C = Spawn XP percentage of total XP
 D = Spawn monster count
 E = Non-spawn monster count
 F = Spawn count percentage of total count
 G = Total turns spent on level
                    A         B        C        D         E        F      G
               +---------+---------+-------+---------+---------+-------+---------
         Total |       0 |     330 |   0.0 |       0 |      59 |   0.0 |  3841
               +---------+---------+-------+---------+---------+-------+---------
           D:1 |       0 |      21 |   0.0 |       0 |      13 |   0.0 |   698
           D:2 |       0 |      93 |   0.0 |       0 |      13 |   0.0 |  1752
           D:3 |       0 |     202 |   0.0 |       0 |      27 |   0.0 |  1242
           D:4 |       0 |      14 |   0.0 |       0 |       6 |   0.0 |   119
               +---------+---------+-------+---------+---------+-------+---------
